 Dungeon Crawl Stone Soup version 0.28.0-45-g0d030f2227 (webtiles) character file.

Game seed: 12643154102676757358

37470 MisterFreud the Carver (level 13, -7/110 HPs)
             Began as a Palentonga Fighter on May 1, 2022.
             Was a High Priest of Okawaru.
             Mangled by a seven-headed hydra (11 damage)
             ... on level 4 of the Lair of Beasts.
             The game lasted 00:31:48 (21605 turns).

MisterFreud the Carver (Palentonga Fighter)        Turns: 21605, Time: 00:31:49

Health: -7/110     AC: 28    Str: 21    XL:     13   Next: 58%
Magic:  18/19      EV: 16    Int:  8    God:    Okawaru [*****.]
Gold:   1021       SH:  6    Dex: 14    Spells: 12/12 levels left

rFire   . . .      SeeInvis +   r - +0 rapier
rCold   . . .      Faith    .   c - +0 buckler
rNeg    + . .      Spirit   .   f - +2 chain mail {Will+}
rPois   .          Reflect  .   d - +0 helmet
rElec   .          Harm     .   K - +2 cloak
rCorr   .          Rampage  .   D - +0 pair of gloves
Will    ++++.      Clarity  +   (no barding)
Stlth   ..........              w - amulet of the Four Winds {rN+ Will+++ Clar}
HPRegen 0.28/turn               a - +4 ring of evasion
MPRegen 0.16/turn               O - +4 ring of evasion

@: heroic, curled up
A: large, rugged brown scales 3, see invisible, deformed body, roll 1, armoured
tail, reflexive curl
a: Rolling Charge, Renounce Religion, Heroism, Finesse, Duel


You were on level 4 of the Lair of Beasts.
You worshipped Okawaru.
Okawaru was extremely pleased with you.
You visited 3 branches of the dungeon, and saw 17 of its levels.
You also visited: Sewer, Gauntlet and Ice Cave.

You collected 1021 gold pieces.

Inventory:

Hand Weapons
 r - a +0 rapier (weapon)
 F - a +2 long sword of holy wrath
 Q - a +1 scimitar of electrocution
Missiles
 g - 28 poisoned darts (quivered)
 m - 9 boomerangs
 p - 3 silver boomerangs
 t - 2 curare-tipped darts
 E - 6 javelins
 H - 3 boomerangs of dispersal
Armour
 c - a +0 buckler (worn)
 d - a +0 helmet (worn)
 f - a +2 chain mail of willpower (worn)
 D - a +0 pair of gloves (worn)
 K - a +2 cloak (worn)
 S - a +4 scale mail of fire resistance
Jewellery
 a - a +4 ring of evasion (left hand)
 q - a +6 ring of dexterity
 w - the amulet of the Four Winds (around neck) {rN+ Will+++ Clar}
   (You found it on level 6 of the Dungeon)

   [amulet of nothing]

   rN:        It protects you from negative energy.
   Clar:      It protects you against confusion.
   Will:      It greatly increases your willpower.
 A - a +6 ring of intelligence
 O - a +4 ring of evasion (right hand)
 R - a ring of poison resistance
 U - an amulet of faith
Wands
 h - a wand of flame (27)
 l - a wand of paralysis (6)
 B - a wand of iceblast (8)
 M - a wand of mindburst (6)
 N - a wand of acid (6)
Scrolls
 x - 6 scrolls of teleportation
 y - 2 scrolls of fear
 G - 2 scrolls of fog
 J - 3 scrolls of blinking
 V - a scroll of silence {unknown}
Potions
 b - 6 potions of curing
 e - 4 potions of invisibility
 i - a potion of brilliance
 j - a potion of flight
 k - 4 potions of magic
 n - 2 potions of attraction
 o - a potion of resistance
 s - 2 potions of heal wounds
 v - 5 potions of ambrosia
 z - a potion of berserk rage
 C - 2 potions of haste
 I - a potion of might
 L - a potion of cancellation {unknown}
 P - a potion of lignification
Miscellaneous
 T - a piece from Xom's chessboard (15/15)


   Skills:
 - Level 10.0(15.0) Fighting
 - Level 14.0(19.0) Long Blades
 - Level 10.0(15.0) Armour
 - Level 5.0(10.0) Shields
 + Level 8.4 Invocations
 - Level 5.0 Evocations


You had 12 spell levels left.
You didn't know any spells.
Your spell library contained the following spells:

 Spells                   Type           Power      Damage    Failure   Level
 Corpse Rot               Necr/Air       0%         N/A       98%         2
 Ensorcelled Hibernation  Hex/Ice        0%         N/A       98%         2
 Passwall                 Tmut/Erth      0%         N/A       98%         2
 Poisonous Vapours        Pois/Air       0%         N/A       98%         2
 Conjure Flame            Conj/Fire      0%         6-21      100%        3
 Dazzling Flash           Conj/Hex       0%         N/A       100%        3
 Ignite Poison            Fire/Tmut/Pois 0%         N/A       100%        3
 Mephitic Cloud           Conj/Pois/Air  0%         N/A       100%        3
 Swiftness                Air            0%         N/A       100%        3
 Dispel Undead            Necr           0%         3d6       100%        4
 Ice Form                 Ice/Tmut       0%         N/A       100%        4
 Iskenderun's Mystic Bla  Conj/Tloc      0%         2d3       100%        4
 Sticky Flame             Conj/Fire      0%         2d3       100%        4
 Freezing Cloud           Conj/Ice/Air   0%         6-21      100%        5
 Starburst                Conj/Fire      0%         6d3       100%        6
 Call Imp                 Summ           Unusable   N/A       N/A         2
 Summon Ice Beast         Ice/Summ       Unusable   N/A       N/A         4
 Summon Mana Viper        Hex/Summ       Unusable   N/A       N/A         5
 Death Channel            Necr           Unusable   N/A       N/A         6
 Monstrous Menagerie      Summ           Unusable   N/A       N/A         7

Dungeon Overview and Level Annotations

Branches:
Dungeon (12/15)            Temple (1/1) D:7            Lair (4/6) D:10
  Snake (0/4) Lair:2          Orc (0/2) D:9           Sewer (visited)
  IceCv (visited)         Gauntlet (visited)
  Swamp: Lair:2-4    Shoals: Lair:2-4

Altars:
Ashenzari
Cheibriados
Dithmenos
Elyvilon
Fedhas
Gozag
Hepliaklqana
Kikubaaqudgha
Makhleb
Nemelex Xobeh
Okawaru
Qazlal
Ru
Sif Muna
Trog
Uskayaw
Vehumet
Wu Jian
Xom
Yredelemnul
Zin
The Shining One

Shops:
D:9 =   D:11 :

Annotations:
Lair:2 3 runed translucent doors, Ipreaze's ghost, journeyman DsAK


Innate Abilities, Weirdness & Mutations

You are completely covered in rugged brown scales. (AC +3, +7% HP)
You have supernaturally acute eyesight. (SInv)
Armour fits poorly on your strangely shaped body.
You can roll at nearby foes to attack.
You have a long armoured tail.
You curl defensively after being hit. (AC +7*)


Message History

* * * LOW HITPOINT WARNING * * *
The seven-headed hydra completely misses you.
The seven-headed hydra bites you but does no damage. x2
The seven-headed hydra barely misses you.
You puncture the seven-headed hydra!
The seven-headed hydra is almost dead.
The seven-headed hydra barely misses you.
The seven-headed hydra bites you but does no damage. x2
The seven-headed hydra barely misses you.
The seven-headed hydra bites you but does no damage.
The seven-headed hydra bites you.
* * * LOW HITPOINT WARNING * * *
The seven-headed hydra bites you!
* * * LOW HITPOINT WARNING * * *
You barely miss the seven-headed hydra.
The seven-headed hydra is almost dead.
Unknown command.
You barely miss the seven-headed hydra.
The seven-headed hydra is almost dead.
The seven-headed hydra barely misses you.
The seven-headed hydra closely misses you.
The seven-headed hydra bites you.
* * * LOW HITPOINT WARNING * * *
The seven-headed hydra bites you but does no damage.
The seven-headed hydra bites you.
* * * LOW HITPOINT WARNING * * *
The seven-headed hydra barely misses you.
The seven-headed hydra bites you but does no damage.
Unknown command.
Unknown command.
Unknown command.
You barely miss the seven-headed hydra.
The seven-headed hydra is almost dead.
Unknown command.
You hit the seven-headed hydra but do no damage.
Your tail-slap misses the seven-headed hydra.
The seven-headed hydra is almost dead.
The seven-headed hydra completely misses you.
The seven-headed hydra bites you!
You die...

. .. .## ..
.#### ##..#
...#.P.###...##
...............
........>......
#.............
#.<.# #..##
#@..#
.?....D........
...............
...P...........
#.....#P..##...
#.....#...# ...
.##..P#.... .
..........


You could see a seven-headed hydra.

Vanquished Creatures
  A minotaur (Gauntlet)
  2 boulder beetles
  A hydra (Lair:2)
  2 two-headed ogres
  4 death yaks (Lair:3)
  Nergalle (Lair:2)
  A wizard (Gauntlet)
  A deep elf pyromancer (D:12)
  Pikel (D:7)
  An ugly thing (D:12)
  A cyclops (D:11)
  A manticore (D:12)
  2 wolf spiders (Lair:1)
  2 large abominations (Gauntlet)
  Maurice (D:8)
  2 black mambas (Lair:1)
  5 cane toads
  Maggie (D:6)
  2 rime drakes
  4 komodo dragons
  A troll (D:11)
  2 hornets
  5 blink frogs (Lair:1)
  A vampire (D:11)
  7 shadows
  3 wyverns
  2 yaks
  3 vampire mosquitoes (D:11)
  2 nagas (Lair:2)
  An acid dragon (D:11)
  4 water moccasins
  2 ice beasts
  5 orc warriors
  A sky beast (D:5)
  3 black bears
  2 ogres
  4 small abominations (Gauntlet)
  4 centaurs
  A phantom (D:3)
  3 kobold brigands (Sewer)
  6 bullfrogs
  A gnoll sergeant (D:10)
  7 scorpions
  A wyvern skeleton (D:6)
  10 killer bees
  5 howler monkeys
  2 centaur zombies
  2 bullfrog zombies
  3 hounds
  3 gnoll shamans
  2 orc priests
  A centaur skeleton (D:6)
  Crazy Yiuf (D:5)
  4 bullfrog skeletons
  Jessica (D:2)
  3 iguanas
  12 orc wizards
  A killer bee zombie (D:8)
  2 howler monkey zombies
  17 gnolls
  18 adders
  2 howler monkey skeletons (D:5)
  2 river rats (D:6)
  A shadow imp (Gauntlet)
  A white imp (D:7)
  2 ufetubi
  A worm (D:6)
  2 dart slugs
  38 orcs
  6 bats
  5 endoplasms
  4 goblins
  6 hobgoblins
  2 jackals (D:5)
  3 quokkas
  9 ball pythons
  2 frilled lizards
  16 kobolds
  7 rats
303 creatures vanquished.

Vanquished Creatures (others)
  A bush (Lair:1)
  31 fungi
  85 plants
117 creatures vanquished.

Grand Total: 420 creatures vanquished

Notes
Turn   | Place    | Note
-------+----------+-------------------------------------------
     0 | D:1      | MisterFreud the Palentonga Fighter began the quest for the
                  | Orb.
     0 | D:1      | Reached XP level 1. HP: 19/19 MP: 1/1
    22 | D:1      | Found a faded altar of an unknown god.
   378 | D:1      | Reached XP level 2. HP: 21/25 MP: 2/2
   502 | D:1      | You fall into a shaft and drop 1 floor!
   508 | D:2      | Noticed Jessica
   513 | D:2      | Killed Jessica
   514 | D:2      | Reached skill level 3 in Long Blades
   514 | D:2      | Reached XP level 3. HP: 26/31 MP: 3/3
  1203 | D:2      | Reached skill level 4 in Long Blades
  1584 | D:2      | Reached XP level 4. HP: 37/37 MP: 4/4
  2459 | D:3      | Found a white marble altar of Elyvilon.
  2459 | D:3      | Noticed a phantom
  2473 | D:3      | Killed a phantom
  2474 | D:3      | Reached skill level 5 in Long Blades
  2474 | D:3      | Reached XP level 5. HP: 36/43 MP: 5/5
  2851 | D:4      | Noticed a water moccasin
  2864 | D:4      | Killed a water moccasin
  2865 | D:4      | Reached skill level 6 in Long Blades
  2865 | D:4      | Reached XP level 6. HP: 50/50 MP: 6/6
  2992 | D:4      | Reached skill level 7 in Long Blades
  3362 | D:4      | Found a radiant altar of Vehumet.
  3784 | D:5      | Entered Level 5 of the Dungeon
  3804 | D:5      | Gained mutation: You curl defensively after being hit. (AC
                  | +7*) [Palentonga growth]
  3804 | D:5      | Reached XP level 7. HP: 55/55 MP: 7/7
  3821 | D:5      | Reached skill level 8 in Long Blades
  4300 | D:5      | Reached skill level 9 in Long Blades
  4767 | D:5      | Reached XP level 8. HP: 45/62 MP: 8/8
  5160 | D:5      | Found a runed translucent door.
  5161 | D:5      | Noticed Crazy Yiuf
  5323 | D:5      | Killed Crazy Yiuf
  5590 | D:6      | Found a glowing drain.
  5599 | Sewer    | Entered a sewer
  5675 | Sewer    | Reached skill level 5 in Armour
  6296 | D:6      | Noticed Maggie
  6497 | D:6      | Found the amulet of the Four Winds {rN+ Will+++ Clar}
  6640 | D:6      | Reached skill level 5 in Fighting
  6945 | D:7      | Reached XP level 9. HP: 69/72 MP: 9/9
  7086 | D:6      | Killed Maggie
  7087 | D:6      | Reached skill level 5 in Shields
  7903 | D:7      | Found a staircase to the Ecumenical Temple.
  8019 | D:7      | Paralysed by a hornet for 2 turns
  8260 | D:7      | Noticed Pikel
  8292 | D:7      | Killed Pikel
  9237 | D:8      | Identified the +0 chain mail of the Devil {Regen+ Str-5
                  | Int+8}
  9751 | D:8      | Noticed Maurice
  9794 | D:8      | Killed Maurice
  9795 | D:8      | Reached XP level 10. HP: 63/90 MP: 10/10
  9985 | Temple   | Entered the Ecumenical Temple
 10043 | Temple   | Became a worshipper of Warmaster Okawaru
 10224 | D:9      | Found a staircase to the Orcish Mines.
 10288 | D:9      | Found a bloodstained altar of Trog.
 10337 | D:9      | Reached skill level 10 in Fighting
 11329 | D:9      | Reached * piety under Okawaru
 11413 | D:9      | Found Jabbef's Jewellery Boutique.
 11457 | D:9      | Found a blossoming altar of Fedhas.
 11830 | D:10     | Entered Level 10 of the Dungeon
 12162 | D:10     | Reached ** piety under Okawaru
 12201 | D:10     | Found a staircase to the Lair.
 12449 | D:10     | Noticed a two-headed ogre
 12459 | D:10     | Killed a two-headed ogre
 12790 | D:10     | Reached *** piety under Okawaru
 13376 | D:11     | Reached XP level 11. HP: 81/96 MP: 8/11
 13492 | D:11     | Noticed a boulder beetle
 13537 | D:12     | Killed a boulder beetle
 13593 | D:12     | Noticed a white ugly thing
 13656 | D:11     | Found Nomeo's Book Boutique.
 13782 | D:11     | Noticed a two-headed ogre
 13794 | D:11     | HP: 1/96 [two-headed ogre/+0 giant spiked club (15)]
 13796 | D:11     | Killed a two-headed ogre
 13796 | D:11     | Reached **** piety under Okawaru
 13797 | D:11     | Reached skill level 1 in Evocations
 14814 | D:11     | Got Uvvoesu's Papyrus of the Shifting Escort
 15105 | Lair:1   | Entered Level 1 of the Lair of Beasts
 15476 | Lair:1   | Reached skill level 10 in Armour
 15763 | Lair:1   | Reached skill level 5 in Evocations
 15785 | Lair:1   | Noticed a wolf spider
 15802 | Lair:1   | Killed a wolf spider
 16420 | Lair:1   | Reached ***** piety under Okawaru
 16421 | Lair:1   | Reached skill level 10 in Long Blades
 16491 | Lair:1   | Noticed a wolf spider
 16500 | Lair:1   | Killed a wolf spider
 17365 | Lair:2   | Found a frozen archway.
 17373 | IceCv    | Entered an ice cave
 17399 | Lair:2   | Found a staircase to the Snake Pit.
 17399 | Lair:2   | Noticed Nergalle
 17400 | Lair:2   | Noticed a four-headed hydra
 17481 | Lair:2   | Found a runed translucent gate.
 17481 | Lair:2   | Found a runed translucent gate.
 17481 | Lair:2   | Found a runed translucent gate.
 17551 | Lair:2   | Noticed Ipreaze's ghost (journeyman DsAK)
 17625 | Lair:2   | Found a gate leading to a gauntlet.
 17634 | Gauntlet | Entered a Gauntlet
 17634 | Gauntlet | Found a transporter.
 17634 | Gauntlet | Found a transporter.
 17637 | Gauntlet | Found a transporter.
 17647 | Gauntlet | Found a transporter.
 17669 | Gauntlet | Reached XP level 12. HP: 96/103 MP: 12/12
 17714 | Gauntlet | Reached skill level 11 in Long Blades
 17719 | Gauntlet | Found a transporter.
 17721 | Gauntlet | Found a transporter.
 17738 | Gauntlet | Found a transporter.
 17759 | Gauntlet | Found a runed translucent gate.
 17766 | Gauntlet | Identified the +1 helmet of the Yeti {rC+ Dex+2 Slay-5
                  | Stlth+}
 17787 | Gauntlet | Found a transporter.
 17787 | Gauntlet | Found a runed translucent gate.
 18196 | Gauntlet | Noticed a minotaur
 18221 | Gauntlet | Killed a minotaur
 18575 | Gauntlet | Reached skill level 13 in Long Blades
 18575 | Gauntlet | Reached XP level 13. HP: 110/110 MP: 12/17
 19525 | Lair:2   | Killed Nergalle
 21109 | Lair:3   | Reached skill level 14 in Long Blades
 21603 | Lair:4   | HP: 4/110 [seven-headed hydra (4)]
 21605 | Lair:4   | Mangled by a seven-headed hydra

Illustrated notes

Levels and vault maps discovered:
D:1:      scummos_arrival_simple_crosswalls, layout_loops_ring,
          shapermc_ecumenical_altar_ellora
D:2:      layout_rooms, amethyst_killhole, glass_columns_a, kennysheep_doodads,
          uniq_jessica
D:3:      layout_loops_corners, elyvilon_altar_3, nicolae_figureground_sparkle
D:4:      layout_loops_cross, nicolae_vehumet_altar_sigil
D:5:      layout_basic, uniq_crazy_yiuf_cottage
D:6:      hangedman_cross_stitches, layout_loops_ring,
          lightli_sewer_entry_pipes, minmay_misc_feat_rows, uniq_maggie
D:7:      minmay_inner_zag, layout_cave_pods,
          minmay_temple_entry_statues_fountains, serial_park, serial_park_gazebo
          [serial_park_minivault_5x5_7], serial_park_tiny_1, uniq_pikel
D:8:      layout_loops_ring, kennysheep_small_spiral, skrybe_limestone_x,
          uniq_maurice
D:9:      layout_rooms, fedhas_bush_and_centaur_altar, trog_book, david_orc_2,
          kennysheep_small_circle
D:10:     layout_gridville, grunt_lair_entry_orc_guard_hut
D:11:     layout_loops_ring, serial_shops, nicolae_shop_hallway_plus
D:12:     layout_gridville, grunt_ministairs_15
Temple:   compressed_dpeg_circular_temple
Lair:1:   minmay_lair_venomous_thicket, layout_layer_cave, grunt_megastairs_1
Lair:2:   layout_roguey, guppyfry_snake_entry_island, ebering_ghost_rock_garden,
          portal_ice_cave_entry_pillars_1, gauntlet_entry_generic,
          wad_woods_road_06, minivault_27, uniq_nergalle
Lair:3:   layout_long_grid, lemuel_fruit_tree
Lair:4:   layout_concentric_octagons, nicolae_swamp_entry_splash_gauntlet

Skill      XL: |  1  2  3  4  5  6  7  8  9 10 11 12 13 |
---------------+----------------------------------------+-----
Long Blades    | 3 4 5 6 7 9 10 13 14 | 14.0
Armour         | 3 5 8 10 | 10.0
Shields        | 4 5 |  5.0
Fighting       | 5 9 10 | 10.0
Evocations     | 5 |  5.0
Invocations    | 6 8 |  8.4

Action                   |  1- 3 |  4- 6 |  7- 9 | 10-12 | 13-15 || total
-------------------------+-------+-------+-------+-------+-------++-------
Melee: Long sword        |    72 |    95 |   456 |   281 |       ||   904
       Tailslap          |    11 |    13 |    66 |    91 |    31 ||   212
       Falchion          |       |       |       |   225 |       ||   225
       Scimitar          |       |       |       |    59 |   130 ||   189
       Rapier            |       |       |       |       |    25 ||    25
Throw: Boomerang         |       |     5 |       |       |       ||     5
       Dart              |       |       |     9 |    20 |     4 ||    33
Invok: Heroism           |       |       |       |    10 |     3 ||    13
       Finesse           |       |       |       |       |     1 ||     1
 Abil: Rolling Charge    |    12 |     8 |    18 |    17 |    10 ||    65
Evoke: Wand              |       |       |       |     3 |       ||     3
       Piece from Xom's  |       |       |       |       |     1 ||     1
  Use: Potion            |     1 |     1 |     2 |     7 |     1 ||    12
       Scroll            |       |     7 |     3 |    13 |     1 ||    24
Armor: Scale mail        |    15 |       |       |       |       ||    15
       Chain mail        |    28 |    54 |   268 |   238 |    76 ||   664
       Skin              |       |    10 |       |       |       ||    10
Dodge: Dodged            |    20 |    19 |    95 |   264 |    90 ||   488
Block: Buckler           |    10 |    18 |    82 |   159 |    34 ||   303
